 Dungeon Crawl Stone Soup version 0.10.0-32-gfa280cc character file.

157 mrfool the Skirmisher (level 3, 33/33 HPs)
             Began as a Minotaur Berserker on Apr 18, 2012.
             Was a Believer of Trog.
             Got out of the dungeon alive.
             The game lasted 00:21:10 (1067 turns).

mrfool the Skirmisher (Minotaur Berserker)          Turns: 1067, Time: 00:21:10

HP  33/33        AC  7     Str 22      XL: 3   Next: 71%
MP   1/1         EV  7     Int  4      God: Trog [**....]
Gold 106         SH  0     Dex  9      Spells:  0 memorised,  2 levels left

Res.Fire  : . . .   See Invis. : .   a - +0 hand axe {=f, Ass Poker}
Res.Cold  : . . .   Warding    : . . j - +0 chain mail
Life Prot.: . . .   Conserve   : .   (no shield)
Res.Acid. : . . .   Res.Corr.  : .   (helmet restricted)
Res.Poison: .       Clarity    : .   (no cloak)
Res.Elec. : .       Spirit.Shd : .   (no gloves)
Sust.Abil.: . .     Stasis     : .   (no boots)
Res.Mut.  : .       Ctrl.Telep.: .   (no amulet)
Res.Rott. : .       Levitation : .   (no ring)
Saprovore : . . .   Ctrl.Flight: .   (no ring)

@: not resistant to hostile enchantments, extremely unstealthy
A: retaliatory headbutt, horns 2
a: Burn Spellbooks, Berserk, Trog's Hand, Renounce Religion


You escaped.
You worshipped Trog.
Trog was most pleased with you.
You were not hungry.

You visited 1 branch of the dungeon, and saw 2 of its levels.

You collected 86 gold pieces.

Inventory:

Hand weapons
 a - a +0,+0 hand axe (weapon) {=f, Ass Poker}
 o - a +0,+0 whip
 q - a +0,+0 dagger (quivered)
 u - a +0,+0 orcish dagger
 w - a cursed +0,+0 whip
Missiles
 f - 13 +0 arrows of frost
 g - 33 +0 bolts
 i - 17 silver +0 sling bullets
 A - 27 +0 darts
Armour
 b - a +0 animal skin
 j - a +0 chain mail (worn)
 l - a +0 orcish robe
 n - a +0 orcish leather armour
 r - a +1 robe
 z - a cursed +0 orcish leather armour
Comestibles
 c - a bread ration
Potions
 d - a potion of confusion {unknown}
 s - a potion of restore abilities
Carrion
 e - a rotting giant cockroach corpse
 h - a giant cockroach corpse
 k - a rat skeleton
 m - a bat skeleton
 p - a bat skeleton
 t - a jackal skeleton
 v - a kobold skeleton
 x - a rotting kobold corpse
 y - a rotting hobgoblin corpse
 B - a jackal corpse
 C - a jackal corpse


   Skills:
 + Level 4.7 Fighting
 + Level 4.6 Axes
 + Level 2.7 Armour
 + Level 3.4 Dodging
 + Level 0.1 Stealth


You had 2 spell levels left.
You didn't know any spells.

Dungeon Overview and Level Annotations

Branches:
Dungeon (2/27)

Altars:


Innate Abilities, Weirdness & Mutations

You reflexively headbutt those who attack you in melee.
You have a pair of horns on your head.


Message History

Are you sure you want to leave the Dungeon?
This will make you lose the game! [Y]es or [N]o only, please.
Are you sure you want to leave the Dungeon?
This will make you lose the game! [Y]es or [N]o only, please.
Are you sure you want to leave the Dungeon?
This will make you lose the game! [Y]es or [N]o only, please.
Are you sure you want to leave the Dungeon?
This will make you lose the game!
Alright, then stay!
There is a staircase leading out of the dungeon here.
Are you sure you want to leave the Dungeon?
This will make you lose the game! [Y]es or [N]o only, please.
Are you sure you want to leave the Dungeon?
This will make you lose the game! [Y]es or [N]o only, please.
Are you sure you want to leave the Dungeon?
This will make you lose the game! [Y]es or [N]o only, please.
Are you sure you want to leave the Dungeon?
This will make you lose the game! [Y]es or [N]o only, please.
Are you sure you want to leave the Dungeon?
This will make you lose the game!
You smell something rotten. (slot y)
You have escaped!

..........................##.#
######################....##.#
#....##.# #....##.# #....##.#
##########....##.#
####.............##.#
#######..#......###....##.#
####........#...@..# #....##.#
.....#####<.######## ##.####.#
.....# #..'.### #.# #.# ..>..#
####...## #.# #.# .....#
##...# #.# #.# .....# ##..##
#.# #.# .....# ##...# #.# #.#
.....# #....# #.# #.# .....#
#....# #.# #.#


There were no monsters in sight!

Vanquished Creatures
  Ijyb (D:2)
  A ball python (D:1)
  2 giant cockroaches (D:1)
  2 hobgoblins
  14 jackals
  3 kobolds
  2 bats (D:2)
  7 rats
32 creatures vanquished.

Notes
Turn   | Place    | Note
--------------------------------------------------------------
     0 | D:1      | mrfool, the Minotaur Berserker, began the quest for the Orb.
     0 | D:1      | Reached XP level 1. HP: 19/19 MP: 0/0
    65 | D:1      | Reached XP level 2. HP: 17/26 MP: 0/0
   198 | D:2      | Reached skill level 4 in Fighting
   365 | D:2      | Noticed Ijyb
   378 | D:2      | Killed Ijyb
   378 | D:2      | Reached XP level 3. HP: 33/33 MP: 1/1
  1050 | D:1      | Acquired Trog's second power
  1067 | D:$      | Got out of the dungeon alive.
